cohdb
Replays
Latest Replays
All Replays
Popular Replays
Top Player Replays
Match Explorer
How It Works
Community
CoH3 Stats
Reddit
Sign in to upload your games and track your stats! →
Sign in with Steam
Match 26337073
Unlisted
Match 26337073
Overview
Messages
Build Orders
End
Vickers Machine Gun Team
Construct Section Command Post
Royal Engineer Section
Infantry Section
Infantry Section
Construct Platoon Command Post
Selects Heavy Armor Battlegroup
Selects Engineer Detachments
random 35
GoldenFishTee
ErykThePro
WildNoUT
KuckMuck
jujudatzar
Joraad
fervela99
0
0
Comments
sign in to comment!
No comments posted yet!